 Dungeon Crawl Stone Soup version 0.30.1-4-g462c640d31 (webtiles) character file.

Game seed: 6733815925670876827

6241 lonewolfV2 the Grappler (level 10, -3/91 HPs)
             Began as a Troll Fighter on Aug 23, 2023.
             Was a Priest of Makhleb.
             Slain by a yak (15 damage)
             ... on level 9 of the Dungeon.
             The game lasted 00:13:02 (6492 turns).

lonewolfV2 the Grappler (Troll Fighter)             Turns: 6492, Time: 00:13:04

Health: -3/91      AC:  4    Str: 36    XL:     10   Next: 62%
Magic:  9/9        EV: 15    Int:  4    God:    Makhleb [***...]
Gold:   408        SH: 15    Dex:  9    Spells: 9/9 levels left

rFire   . .          .
                       - Unarmed
rCold   . . .        b - +0 kite shield
rNeg    . . .        a - +0 robe
rPois   .            (helmet restricted)
rElec   .            (no cloak)
rCorr   .            (gloves unavailable)
SInv    .            (boots unavailable)
Will    .....        h - amulet of reflection
Stlth   +            e - +6 ring of strength
HPRegen 1.15/turn    l - +5 ring of evasion
MPRegen 0.11/turn

%: reflection
@: mighty, studying Unarmed Combat
A: large, unfitting armour, claws 3, regeneration 1, shaggy fur 1, tough skin 1
a: Renounce Religion, Minor Destruction, Lesser Servant of Makhleb


You were on level 9 of the Dungeon.
You worshipped Makhleb.
Makhleb was most pleased with you.
You visited 1 branch of the dungeon, and saw 9 of its levels.
You also visited: Ossuary.

You collected 408 gold pieces.

Inventory:

Hand Weapons
 B - a +0 demon whip of venom
Armour
 a - a +0 robe (worn)
 b - a +0 kite shield (worn)
Jewellery
 e - a +6 ring of strength (left claw)
 h - an amulet of reflection (around neck)
 j - a ring of ice
 l - a +5 ring of evasion (right claw)
 p - a ring of resist corrosion
Wands
 q - a wand of flame (17)
 u - a wand of paralysis (18)
Scrolls
 n - 5 scrolls of teleportation
 v - a scroll of enchant armour {unknown}
 w - a scroll of acquirement
 y - a scroll of magic mapping
 A - 2 scrolls of identify
 C - a scroll of fog {unknown}
Potions
 c - a potion of might
 d - a potion of heal wounds
 f - 4 potions of curing
 g - a potion of cancellation
 i - 2 potions of lignification
 k - 3 potions of brilliance
 m - a potion of degeneration
 o - a potion of ambrosia {unknown}
 r - 2 potions of magic
 s - 2 potions of flight
 t - 2 potions of invisibility
 x - a potion of mutation
 z - 2 potions of haste


   Skills:
 + Level 3.5 Fighting
 + Level 6.3 Dodging
 + Level 0.6 Stealth
 + Level 8.7 Shields
 + Level 14.4 Unarmed Combat


You had 9 spell levels left.
You didn't know any spells.
Your spell library contained the following spells:

 Spells                   Type           Power      Damage    Failure   Level
 Cigotuvi's Dreadful Rot  Necr/Pois/Air  0%         N/A       78%         2
 Ensorcelled Hibernation  Hex/Ice        0%         N/A       78%         2
 Lesser Beckoning         Tloc           0%         N/A       78%         2
 Sublimation of Blood     Necr           0%         N/A       78%         2
 Wereblood                Tmut           0%         N/A       78%         2
 Gell's Gravitas          Tloc           0%         N/A       95%         3
 Ignite Poison            Fire/Tmut/Pois 0%         N/A       95%         3
 Mephitic Cloud           Conj/Pois/Air  0%         N/A       95%         3
 Spider Form              Tmut/Pois      0%         N/A       95%         3
 Teleport Other           Tloc           0%         N/A       95%         3
 Volatile Blastmotes      Fire/Tloc      0%         2d10      95%         3
 Anguish                  Hex/Necr       0%         N/A       100%        4
 Dispel Undead            Necr           0%         3d6       100%        4
 Summon Forest            Summ/Tloc      0%         N/A       100%        5
 Death Channel            Necr           0%         N/A       100%        6
 Eringya's Noxious Bog    Tmut/Pois      0%         N/A       100%        6
 Summon Hydra             Summ           0%         N/A       100%        7
 Disjunction              Tloc           0%         N/A       100%        8


Dungeon Overview and Level Annotations

Branches:
Dungeon (9/15)             Temple (0/1) D:6         Ossuary (visited)
   Lair: D:8-11         Orc: D:9-12

Altars:
Cheibriados
Makhleb
Sif Muna
Uskayaw
Vehumet


Innate Abilities, Weirdness & Mutations

You are too large for most types of armour.
You have claws for hands.
Your natural rate of healing is unusually fast.
You are covered in fur. (AC +1)
You have tough skin. (AC +1)


Message History

The gnoll barely misses you.
You barely miss the yak.
The yak is lightly wounded.
You block the yak's attack. The yak closely misses you.
You block the yak's attack. The gnoll hits you but does no damage.
You claw the yak!
The yak is heavily wounded.
You block the yak's attack. The yak gores you.
* * * LOW HITPOINT WARNING * * *
The yak barely misses you. You block the gnoll's attack.
You claw the yak!
The yak is severely wounded.
You barely miss the yak.
The yak is severely wounded.
The yak closely misses you. The yak barely misses you. The yak gores you.
You block the gnoll's attack.
You scratch the yak.
The yak is almost dead.
The yak barely misses you. The yak gores you.
* * * LOW HITPOINT WARNING * * *
You block the yak's attack. The gnoll closely misses you.
You eviscerate the yak!!!
You kill the yak!
Makhleb accepts your kill.
You feel better. You block the yak's attack. The yak misses you.
The gnoll closely misses you. You block the yak's attack. The yak gores you!
* * * LOW HITPOINT WARNING * * *
The gnoll hits you with a +0 spear.
* * * LOW HITPOINT WARNING * * *
You barely miss the gnoll. You block the yak's attack. The yak gores you!
* * * LOW HITPOINT WARNING * * *
The gnoll hits you but does no damage.
You mangle the gnoll!!
You kill the gnoll!
Makhleb accepts your kill. You block the yak's attack. The yak gores you.
* * * LOW HITPOINT WARNING * * *
You feel better. You block the yak's attack. The yak gores you!
You die...

### ##.# #Y.## #Y@)#
#...# #...###
####.....##
#..........#
.!.........###
..##.........# .
#.........#########
##.......###......##


You could see 2 yaks.

Vanquished Creatures
  The ghost of sigtrap the Fighter, a novice DjCj (D:7)
  Amaemon (D:8)
  An orange demon (D:8)
  A troll (D:7)
  A polar bear (D:8)
  Prince Ribbit (D:8)
  Grinder (D:6)
  A wyvern (D:6)
  5 yaks
  A wraith (D:8)
  Edmund (D:6)
  A water moccasin (D:6)
  Menkaure (Ossuary)
  2 black bears (D:4)
  2 ice beasts
  2 ogres
  6 centaurs
  2 kobold brigands (D:6)
  3 gnoll sergeants
  A scorpion (D:7)
  4 wights (D:8)
  4 killer bees (D:9)
  An electric eel (D:8)
  2 howler monkeys
  5 hounds
  Crazy Yiuf (D:6)
  2 jellies
  A gnoll bouda (D:9)
  A sleepcap (D:4)
  5 iguanas
  2 orc wizards (D:7)
  3 mummies (Ossuary)
  17 gnolls
  4 adders
  2 shadow imps
  2 white imps
  6 ufetubi
  11 orcs
  7 ball pythons
  7 bats
  8 endoplasms
  3 giant cockroaches
  2 goblins
  7 hobgoblins
  9 jackals
  A quokka (D:2)
  6 frilled lizards
  2 gnoll skeletons (Ossuary)
  3 gnoll zombies (Ossuary)
  4 goblin skeletons (Ossuary)
  2 goblin zombies (Ossuary)
  5 hobgoblin skeletons (Ossuary)
  7 hobgoblin zombies (Ossuary)
  17 kobolds
  3 kobold skeletons (Ossuary)
  2 kobold zombies (Ossuary)
  An orc skeleton (Ossuary)
  3 orc zombies (Ossuary)
  3 rats
  10 rat skeletons (Ossuary)
  8 rat zombies (Ossuary)
228 creatures vanquished.

Notes
Turn   | Place    | Note
-------+----------+-------------------------------------------
     0 | D:1      | lonewolfV2 the Troll Fighter began the quest for the Orb.
     0 | D:1      | Reached XP level 1. HP: 22/22 MP: 0/0
   191 | D:1      | Reached XP level 2. HP: 29/29 MP: 1/1
   385 | D:1      | Got the Handbook of Blinking Filth
   475 | D:1      | Reached XP level 3. HP: 33/36 MP: 2/2
   568 | D:2      | Reached XP level 4. HP: 39/44 MP: 3/3
  1135 | D:3      | Reached skill level 3 in Unarmed Combat
  1188 | D:3      | Reached XP level 5. HP: 50/50 MP: 4/4
  1221 | D:3      | Found a hide-covered altar of Uskayaw.
  1306 | D:3      | Found a radiant altar of Vehumet.
  1521 | D:4      | Noticed a black bear
  1549 | D:4      | Killed a black bear
  1652 | D:4      | Reached XP level 6. HP: 59/59 MP: 5/5
  1897 | D:4      | Reached skill level 4 in Unarmed Combat
  2146 | D:4      | Reached XP level 7. HP: 62/66 MP: 6/6
  2502 | D:5      | Entered Level 5 of the Dungeon
  2640 | D:5      | Found a snail-covered altar of Cheibriados.
  2676 | D:5      | Reached skill level 5 in Unarmed Combat
  2686 | D:5      | Reached skill level 5 in Shields
  2896 | D:5      | Identified a scroll of acquirement
  2896 | D:5      | Acquired a manual of Unarmed Combat
  2911 | D:5      | Reached skill level 6 in Unarmed Combat
  2987 | D:5      | Found a burning altar of Makhleb.
  2995 | D:5      | Reached XP level 8. HP: 75/75 MP: 7/7
  3000 | D:5      | Became a worshipper of Makhleb the Destroyer
  3241 | D:6      | Noticed Grinder
  3258 | D:6      | Paralysed by Grinder for 2 turns
  3263 | D:6      | Reached skill level 7 in Unarmed Combat
  3423 | D:6      | Killed Grinder
  3431 | D:6      | Found a staircase to the Ecumenical Temple.
  3431 | D:6      | Noticed Edmund
  3441 | D:6      | Killed Edmund
  3442 | D:6      | Reached skill level 8 in Unarmed Combat
  3720 | D:6      | Reached skill level 5 in Dodging
  3815 | D:6      | Reached skill level 9 in Unarmed Combat
  3823 | D:6      | Found a runed translucent door.
  3824 | D:6      | Noticed Crazy Yiuf
  4229 | D:6      | Killed Crazy Yiuf
  4230 | D:6      | Reached XP level 9. HP: 83/83 MP: 8/8
  4310 | D:7      | Found a sand-covered staircase.
  4318 | Ossuary  | Entered an ossuary
  4336 | Ossuary  | Reached * piety under Makhleb
  4604 | Ossuary  | Reached ** piety under Makhleb
  4633 | Ossuary  | Noticed Menkaure
  4642 | Ossuary  | Killed Menkaure
  4748 | D:7      | Identified the +4 dagger of Ytail {heavy, rElec rPois}
  4887 | D:7      | Noticed a troll
  4892 | D:7      | Killed a troll
  4893 | D:7      | Reached skill level 10 in Unarmed Combat
  4991 | D:7      | Reached skill level 11 in Unarmed Combat
  5054 | D:7      | Found a large runed translucent door.
  5054 | D:7      | Found a large runed translucent door.
  5058 | D:7      | Noticed sigtrap's ghost (novice DjCj)
  5362 | D:7      | Killed sigtrap's ghost
  5363 | D:7      | Reached skill level 12 in Unarmed Combat
  5529 | D:8      | Noticed a polar bear
  5543 | D:8      | Killed a polar bear
  5577 | D:8      | Noticed Amaemon
  5584 | D:8      | Noticed an orange demon
  5584 | D:8      | Noticed Prince Ribbit
  5598 | D:8      | Killed Amaemon
  5599 | D:8      | Reached skill level 13 in Unarmed Combat
  5599 | D:8      | Reached XP level 10. HP: 32/91 MP: 9/9
  5604 | D:8      | Killed an orange demon
  5604 | D:8      | Reached *** piety under Makhleb
  5618 | D:8      | HP: 4/91 [Prince Ribbit (17)]
  5621 | D:8      | Killed Prince Ribbit
  6209 | D:8      | Found a shimmering blue altar of Sif Muna.
  6348 | D:9      | Reached skill level 14 in Unarmed Combat
  6492 | D:9      | Slain by a yak

Illustrated notes

Levels and vault maps discovered:
D:1:      eino_arrival_water_star, layout_rooms
D:2:      layout_rooms
D:3:      layout_rooms, vehumet_altar_wand_db, general_overflow_altar,
          grunt_ministairs_12
D:4:      layout_basic
D:5:      layout_loops_ring, makhleb_heckhound_becter,
          mainiacjoe_overflow_24_doors
D:6:      layout_basic, minmay_temple_entry_ruins, uniq_grinder,
          uniq_crazy_yiuf_cottage, uniq_edmund
D:7:      layout_gridville, ebering_ghost_disaster_area,
          chequers_ossuary_entry_cave, minmay_misc_feat_alley
D:8:      layout_loops_ring, nicolae_sif_muna_little_library, serial_ice,
          serial_ice_b, serial_ice_k, serial_ice_c, serial_ice_g, uniq_amaemon,
          uniq_prince_ribbit1
D:9:      layout_cave_pools

Skill      XL: |  1  2  3  4  5  6  7  8  9 10 |
---------------+-------------------------------+-----
Shields        | 3 4 5 6 7 8 |  8.7
Dodging        | 3 4 5 6 |  6.3
Unarmed Combat | 3 4 6 9 13 14 | 14.4
Fighting       | 3 |  3.5
Stealth        | |  0.6

Action                     |  1- 3 |  4- 6 |  7- 9 | 10-12 || total
---------------------------+-------+-------+-------+-------++-------
  Melee: Unarmed           |    67 |   134 |   304 |   106 ||   611
    Use: Scroll            |     2 |     7 |     8 |     2 ||    19
         Potion            |       |       |     3 |     6 ||     9
 Armour: Robe              |    36 |    25 |    34 |    13 ||   108
  Dodge: Dodged            |    32 |    51 |   101 |    92 ||   276
  Block: Kite shield       |    89 |   103 |   226 |   124 ||   542
         Reflection        |       |     1 |     7 |     5 ||    13
